Map: Magma Mines

Players

Loken

  • Race: Terran Terran
  • League: Platinum
  • Spawn Location: 11:00

dallaskuken

  • Race: Protoss Protoss
  • League: Platinum
  • Spawn Location: 9:00

INFINION - Winner!

  • Race: Zerg Zerg
  • Spawn Location: 3:00

Kimpurusha - Winner!

  • Race: Protoss Protoss
  • League: Gold
  • Spawn Location: 1:00

VOD

Have the link to the VOD?

Description

Time

  • Played on: March 25, 2017, 12:09 p.m.
  • Length: 5:40
Show
View Real Time Build Order
Export as new Build Order

Loken Terran 

Build Orders: Liberator Opening 

Get SALT Encoding   

  12  0:02  SCV  
  13  0:19  SCV  
  13  0:20  Supply Depot  
  14  0:31  SCV  
  15  0:37  Refinery  
  15  0:45  Barracks  
  15  0:48  SCV  
  16  1:00  SCV  
  16  1:03  Supply Depot  
  17  1:17  SCV  
  18  1:29  SCV  
  18  1:32  Marine  
  20  1:45  Factory  
  20  1:50  Marine  
  21  2:05  Orbital Command  
  21  2:07  Marine  
  21  2:25  Marine  
  22  2:40  Factory Tech Lab  
  22  2:43  Marine  
  23  2:45  Starport  
  20  3:00  Hellion  
  20  3:01  Marine  
  23  3:26  Hellion  
  23  3:48  Supply Depot  
  21  3:52  Liberator  
  21  4:04  Hellion  
  24  4:11  Supply Depot  
  24  4:15  Barracks Reactor  
  24  4:17  Barracks  
  22  4:26  Hellion  
  6  4:46  Orbital Command  
Show
View Real Time Build Order
Export as new Build Order

dallaskuken Protoss 

Build Orders:  

Get SALT Encoding   

  12  0:02  Probe (Chrono Boost)  
  13  0:12  Probe (Chrono Boost)  
  14  0:22  Pylon  
  14  0:25  Probe (Chrono Boost)  
  15  0:40  Probe (Chrono Boost)  
  16  0:43  Gateway  
  16  0:50  Probe (Chrono Boost)  
  17  1:01  Probe (Chrono Boost)  
  18  1:14  Assimilator  
  18  1:22  Probe (Chrono Boost)  
  19  1:32  Zealot  
  20  2:23  Probe (Chrono Boost)  
  20  2:26  Assimilator  
  20  2:29  Zealot  
  23  2:38  Nexus  
  23  2:41  Probe (Chrono Boost)  
  17  3:21  Pylon  
  16  3:55  Gateway  
  16  3:56  Gateway  
  16  3:59  Pylon  
    4:40  Zealot  
    4:42  Zealot  
  4  5:09  Zealot  
Show
View Real Time Build Order
Export as new Build Order

INFINION Zerg - Winner!

Build Orders: Hatch First 

Get SALT Encoding   

  12  0:01  Drone  
  13  0:08  Drone  
  14  0:37  Hatchery  
  13  0:47  Drone  
  14  0:50  Extractor  
  14  0:51  Drone  
  14  1:03  Spawning Pool  
  13  1:07  Drone  
  14  1:20  Overlord  
  14  1:43  Drone  
  15  1:55  Zergling x8  
  20  2:01  Zergling x2  
  20  2:07  Zergling x2  
  21  2:13  Zergling x2  
  22  2:16  Queen  
  22  2:19  Zergling x2  
  25  2:27  Zergling x2  
  25  2:28  Zergling x2  
  27  2:38  Zergling x2  
  27  2:40  Overlord  
  27  3:09  Zergling x8  
  27  3:10  Zergling x2  
  30  3:35  Zergling x10  
  35  3:42  Metabolic Boost  
  34  4:13  Lair  
  34  4:15  Queen  
  35  4:36  Hatchery  
  29  5:31  Spore Crawler  
  35  5:35  Extractor  
  35  5:37  Extractor  
Show
View Real Time Build Order
Export as new Build Order

Kimpurusha Protoss - Winner!

Build Orders:  

Get SALT Encoding   

  12  0:01  Probe (Chrono Boost)  
  13  0:14  Pylon  
  13  0:20  Probe (Chrono Boost)  
  14  0:33  Forge  
  14  1:16  Pylon  
  14  1:35  Photon Cannon  
  14  1:41  Pylon  
  14  1:51  Pylon  
  14  1:54  Pylon  
  12  2:35  Probe (Chrono Boost)  
  13  2:39  Assimilator  
  13  2:43  Gateway  
  13  2:46  Probe (Chrono Boost)  
  13  2:47  Photon Cannon  
  14  2:51  Pylon  
  14  2:56  Probe (Chrono Boost)  
  15  3:01  Photon Cannon  
  15  3:02  Photon Cannon  
  15  3:07  Probe (Chrono Boost)  
  15  3:11  Pylon  
  16  3:19  Photon Cannon  
  16  3:29  Photon Cannon  
  16  3:33  Pylon  
  16  4:02  Photon Cannon  
  16  4:04  Photon Cannon  
  16  4:09  Photon Cannon  
  16  4:17  Pylon  
  16  4:20  Pylon  
  16  4:38  Photon Cannon  
  16  4:42  Photon Cannon  
  16  4:55  Probe (Chrono Boost)  
  17  5:00  Assimilator  
  17  5:06  Cybernetics Core, Probe (Chrono Boost)  
  17  5:16  Probe (Chrono Boost)  
Tags
 
Add a new tag
Caveats
  • Supply blocks, unpowered buildings, or Contaminate may cause inaccurate times.
  • Supply counts are checked every 10 seconds.